AoeStats
← GGman

African Clearing

505660256Analyzed
4v4 RM · 23d ago on Sep 10, 2026· 55m 27s· 8 players
Game mode
Random Map
Map size
Large (8 player)
Population
200
Speed
Normal
Resources
Standard
Victory
Conquest
Starting age
Dark Age
Ending age
Imperial Age
RankedLock teamsTeams togetherTeam positionsShared explorationLock speedFull tech treeHidden civsTurbo modeCheats
Victory
Defeat
🇨🇳 Huns · China
1674
+13
🇨🇳 Mapuche · China
1658
+14
🇪🇸 Mongols · Spain
1620
+15
🇨🇳 Magyars · China
1606
+16
🇹🇼 Spanish · Taiwan
1694
-19
🇹🇼 Mongols · Taiwan
1664
-17
🇹🇼 Burmese · Taiwan
1549
-12
🇹🇼 Chinese · Taiwan
1503
-10
陳之漢
3:01 Loom
11:07 Feudal Age
12:26 Double-Bit Axe
14:44 Fletching
25:54 Castle Age
28:45 Castle Age
27:10 Horse Collar
38:43 Wheelbarrow
38:49 Bow Saw
46:24 Imperial Age
45:14 Bodkin Arrow
44:44 Elite Skirmisher
46:09 Padded Archer Armor
46:48 Ballistics
47:06 Bracer
48:13 Chemistry
47:59 Leather Archer Armor
48:10 Town Watch
49:12 Ring Archer Armor
49:45 Thumb Ring
50:16 Scale Mail Armor
52:01 Pikeman
52:41 Squires
52:27 Arson
53:06 Chain Mail Armor
53:06 Halberdier
54:17 Plate Mail Armor
55:19 Hand Cart
游樂比(ULB)
12:33 Feudal Age
11:58 Loom
16:31 Castle Age
15:14 Double-Bit Axe
16:58 Fletching
28:07 Ballistics
28:24 Bodkin Arrow
33:12 Horse Collar
36:30 Wheelbarrow
40:31 Imperial Age
38:35 Padded Archer Armor
38:40 Husbandry
39:48 Bloodlines
40:10 Padded Archer Armor
40:57 Thumb Ring
41:13 Bracer
42:26 Parthian Tactics
43:08 Leather Archer Armor
44:40 Chemistry
45:00 Elite Mangudai
46:09 Stone Mining
47:58 Scale Barding Armor
48:03 Forging
47:16 Light Cavalry
49:12 Chain Barding Armor
51:07 Iron Casting
51:02 Hussar
GGman
13:53 Feudal Age
18:57 Castle Age
18:01 Loom
25:35 Horse Collar
26:45 Wheelbarrow
30:54 Elite Skirmisher
32:26 Stone Mining
33:35 Padded Archer Armor
38:36 Town Watch
45:19 Gold Mining
48:06 Fletching
51:19 Hand Cart
A88
11:50 Loom
14:11 Feudal Age
18:10 Castle Age
16:41 Fishing Lines
18:46 Double-Bit Axe
20:00 Padded Archer Armor
29:18 Leather Archer Armor
30:07 Husbandry
31:56 Bloodlines
35:29 Bow Saw
36:36 Gold Mining
36:37 Stone Mining
38:03 Wheelbarrow
37:15 Town Watch
41:49 Imperial Age
39:43 Horse Collar
40:52 Stone Shaft Mining
40:51 Scale Barding Armor
40:44 Light Cavalry
42:39 Chain Barding Armor
43:04 Ring Archer Armor
43:23 Conscription
43:19 Forging
43:28 Elite Conquistador
46:23 Chain Barding Armor
46:39 Iron Casting
48:33 Hand Cart
49:26 Supremacy
54:09 Plate Barding Armor
54:35 Blast Furnace
53:45 Fletching
AutoClickerv3
11:40 Feudal Age
12:12 Double-Bit Axe
12:54 Loom
17:45 Forging
19:56 Horse Collar
23:31 Castle Age
22:01 Stone Mining
22:35 Fishing Lines
23:00 Gold Mining
24:33 Fletching
25:13 Bodkin Arrow
27:06 Padded Archer Armor
30:51 Ballistics
31:59 Town Watch
33:34 Wheelbarrow
36:37 Leather Archer Armor
39:39 Bloodlines
39:48 Husbandry
42:37 Hand Cart
46:22 Imperial Age
47:20 Stone Shaft Mining
48:04 Chemistry
46:46 Elite Mangudai
48:08 Bracer
49:35 Hoardings
49:35 Parthian Tactics
50:43 Thumb Ring
51:44 Conscription
54:26 Gold Shaft Mining
54:19 Bow Saw
53:52 Elite Steppe Lancer
LUCKY
4:38 Loom
12:56 Feudal Age
16:54 Castle Age
15:44 Double-Bit Axe
16:00 Town Watch
16:45 Stone Mining
18:40 Bow Saw
21:32 Horse Collar
32:21 Wheelbarrow
35:30 Heavy Plow
41:02 Gold Mining
43:11 Gold Shaft Mining
43:26 Hand Cart
44:32 Pikeman
45:12 Squires
44:58 Arson
47:51 Imperial Age
46:57 Scale Barding Armor
47:08 Forging
47:02 Marauders
47:48 Husbandry
47:58 Bloodlines
47:09 Light Cavalry
48:24 Chain Barding Armor
47:57 Elite Tarkan
48:58 Conscription
51:05 Plate Barding Armor
51:06 Iron Casting
53:22 Two-Man Saw
52:33 Fletching
只会打步弓
9:28 Loom
11:33 Feudal Age
17:47 Castle Age
16:32 Double-Bit Axe
17:51 Fletching
21:20 Bodkin Arrow
23:43 Ballistics
24:26 Town Watch
25:37 Horse Collar
26:26 Padded Archer Armor
32:13 Wheelbarrow
31:55 Bow Saw
31:46 Heavy Plow
33:43 Hand Cart
34:37 Leather Archer Armor
35:39 Gold Mining
35:41 Stone Mining
39:08 Imperial Age
38:14 Gold Shaft Mining
38:16 Stone Shaft Mining
38:09 Malon
39:09 Elite Bolas Rider
40:12 Conscription
40:43 Ring Archer Armor
40:42 Butalmapu
42:05 Chemistry
41:33 Town Patrol
42:56 Coinage
43:06 Crop Rotation
44:08 Banking
44:23 Murder Holes
44:38 Masonry
44:09 Treadmill Crane
44:34 Siege Engineers
52:20 Hoardings
小胖子
11:43 Feudal Age
11:43 Loom
13:49 Double-Bit Axe
16:01 Horse Collar
24:34 Castle Age
23:23 Fletching
23:44 Bloodlines
24:50 Padded Archer Armor
24:46 Gold Mining
25:13 Bodkin Arrow
27:30 Ballistics
29:48 Husbandry
36:54 Thumb Ring
44:08 Leather Archer Armor
47:39 Wheelbarrow
46:28 Elite Skirmisher
49:39 Imperial Age
50:25 Bracer
51:45 Chemistry
51:58 Parthian Tactics
53:47 Heavy Cavalry Archer
54:40 Recurve Bow
56:22 Ring Archer Armor
Connection lost

Rejoining the realm…

Still unreachable

The connection could not be restored.

Session expired

The server has moved on; the page needs a fresh start.